 Dungeon Crawl Stone Soup version 0.26-b1-32-g5d43845318 (webtiles) character file.

Game seed: 5781082660117058941

13863 EnegeticOcto the Cleaver (level 11, -12/102 HPs)
             Began as a Deep Dwarf Fighter on Jan 9, 2021.
             Was a High Priest of Makhleb.
             Mangled by an orc knight
             ... wielding a +0 bardiche
              (26 damage)
             ... on level 1 of the Orcish Mines.
             The game lasted 00:06:52 (7088 turns).

EnegeticOcto the Cleaver (Deep Dwarf Fighter)       Turns: 7088, Time: 00:06:53

Health: -12/102    AC: 28    Str: 22    XL:     11   Next: 81%
Magic:  15/15      EV:  6    Int: 10    God:    Makhleb [*****.]
Gold:   1015       SH: 12    Dex: 12    Spells: 10/10 levels left

rFire    + . .     SeeInvis .   a - +0 broad axe
rCold    . . .     Faith    .   c - +0 kite shield
rNeg     + . .     Spirit   .   z - +3 plate armour {rN+}
rPois    .         Reflect  .   p - +2 helmet
rElec    .         Harm     .   (no cloak)
rCorr    .         Rampage  .   (no gloves)
Will     +....                  w - +2 pair of boots
Stlth    ..........             o - amulet of the acrobat
HPRegen  0.00/turn              x - +4 ring of protection
MPRegen  0.14/turn              i - ring of protection from fire

@: mighty, non-regenerating
A: damage resistance, heal wounds, sense surroundings 2, no regeneration
a: Heal Wounds, Renounce Religion, Minor Destruction, Lesser Servant of Makhleb,
Major Destruction, Greater Servant of Makhleb


You were on level 1 of the Orcish Mines.
You worshipped Makhleb.
Makhleb was extremely pleased with you.
You visited 3 branches of the dungeon, and saw 14 of its levels.
You also visited: Ossuary and Bailey.

You collected 1015 gold pieces.

Inventory:

Hand Weapons
 a - a +0 broad axe (weapon)
 t - a +1 war axe
Armour
 c - a +0 kite shield (worn)
 p - a +2 helmet (worn)
 w - a +2 pair of boots (worn)
 z - a +3 plate armour of positive energy (worn)
Jewellery
 i - a ring of protection from fire (right hand)
 n - the ring "Xedose" {Fire +Blink Str-3 Int+3 SInv}
   (You found it on level 4 of the Dungeon)

   [ring of fire]

   It enhances your fire magic.
   It affects your strength (-3).
   It affects your intelligence (+3).
   It protects you from fire.
   It makes you vulnerable to cold.
   It lets you see invisible.
   It lets you blink.
 o - an amulet of the acrobat (around neck)
 x - a +4 ring of protection (left hand)
Wands
 f - a wand of disintegration (4)
 y - a wand of paralysis (16)
Scrolls
 g - 2 scrolls of blinking {@r4}
 h - 2 scrolls of teleportation {@r3}
 m - 6 scrolls of remove curse {@r2}
 r - 4 scrolls of enchant weapon
 v - 2 scrolls of immolation
Potions
 b - 4 potions of curing {@q1}
 d - 2 potions of might {@q3}
 e - 5 potions of brilliance
 j - 2 potions of ambrosia {unknown}
 k - a potion of mutation {unknown}
 l - 2 potions of lignification
 q - 2 potions of berserk rage
 s - 2 potions of flight
 u - 2 potions of attraction
 A - a potion of resistance {@q5}
 C - 3 potions of degeneration
 D - a potion of haste {@q4}
 E - 3 potions of invisibility {unknown}
 F - a potion of cancellation {unknown}
 G - a potion of heal wounds {unknown}
Miscellaneous
 B - a tin of tremorstones (inert)


   Skills:
 + Level 7.7 Fighting
 * Level 12.3 Axes
 + Level 9.4 Armour
 + Level 9.3 Shields
 + Level 9.6 Invocations


You had 10 spell levels left.
You didn't know any spells.
Your spell library was empty.

Dungeon Overview and Level Annotations

Branches:
Dungeon (12/15)            Temple (1/1) D:5            Lair (0/6) D:9
    Orc (1/2) D:9         Ossuary (visited)          Bailey (visited)

Altars:
Dithmenos
Elyvilon
Fedhas
Gozag
Hepliaklqana
Kikubaaqudgha
Makhleb
Okawaru
Ru
Vehumet
Wu Jian

Shops:
D:5 =   D:6 =   D:11 =

Annotations:
D:4 3 runed translucent doors, EnegeticOcto's ghost, amateur MiFi; Raspi's ghost, novice PaFi; raph's ghost, amateur DEFE
D:10 2 transporters, exclusion: downstairs, Eliym's ghost, novice HOFi


Innate Abilities, Weirdness & Mutations

You are resistant to damage.
You can heal yourself by infusing magical energy.
You passively map the area around you.
You do not regenerate.


Message History

You closely miss the orc warrior.
The orc warrior is almost dead.
You barely miss the warg. You closely miss the troll. You hit the ogre.
The warg bites you but does no damage. The troll bites you.
The troll claws you but does no damage. x2; You block the orc warrior's attack.
The ogre barely misses you. You block the warg's attack.
The gnoll sergeant hits you but does no damage.
The troll bites you but does no damage. The troll barely misses you.
You block the troll's attack.
You closely miss the orc warrior.
The orc warrior is almost dead.
You slice the warg!!
You kill the warg!
Makhleb accepts your kill.
You feel better.
You closely miss the troll. You closely miss the ogre.
The orc priest no longer looks unusually strong.
The orc warrior hits you with a +0 hand axe.
The troll bites you but does no damage. The troll claws you.
The troll claws you but does no damage.
The gnoll sergeant hits you from afar with a +0 trident!
You block the ogre's attack.
The orc knight hits you but does no damage.
You slice the orc warrior!!
You kill the orc warrior!
Makhleb accepts your kill.
You feel better.
You hit the ogre. You slash the troll! You hit the orc knight.
The orc knight hits you with a cursed +0 war axe!
The gnoll sergeant hits you but does no damage.
You block the ogre's attack.
You slash the troll!
The troll is almost dead.
You barely miss the ogre.
Your shield and plate armour prevent you from hitting the orc.
You closely miss the orc knight.
The orc knight hits you but does no damage. x2
You block the orc warrior's attack.
The gnoll sergeant hits you but does no damage.
The orc priest mumbles some strange prayers to Beogh against you.
Beogh smites you!
You closely miss the troll.
The troll is almost dead.
You slash the ogre!
You kill the ogre!
Makhleb accepts your kill.
You closely miss the troll. You slash the orc knight!
The troll bites you but does no damage. The troll claws you but does no damage.
You block the troll's attack.
The orc knight hits you with a cursed +0 war axe!
The orc knight roars a battlecry!
The orc priest goes into a battle-frenzy!
The orc warrior hits you from afar with a +0 halberd!
* * * LOW HITPOINT WARNING * * *
You block the gnoll sergeant's attack. The troll barely misses you.
The troll claws you but does no damage. The troll barely misses you.
The orc warrior hits you with a +0 trident.
You are too injured to fight recklessly!
You are too injured to fight recklessly!
You are too injured to fight recklessly!
You are too injured to fight recklessly!
You are too injured to fight recklessly!
You are too injured to fight recklessly!
You are too injured to fight recklessly!
You are too injured to fight recklessly!
You are too injured to fight recklessly!
You are too injured to fight recklessly!
You are too injured to fight recklessly!
You are too injured to fight recklessly!
You are too injured to fight recklessly!
You are too injured to fight recklessly!
You are too injured to fight recklessly!
You are too injured to fight recklessly!
You are too injured to fight recklessly!
You are too injured to fight recklessly!
You are too injured to fight recklessly!
You are too injured to fight recklessly!
You are too injured to fight recklessly!
You are too injured to fight recklessly!
You are too injured to fight recklessly!
You hit the troll.
You kill the troll!
Makhleb accepts your kill.
You feel better.
You completely miss the orc knight. You slash the troll!
You slash the orc warrior!
You kill the orc warrior!
Makhleb accepts your kill. You block the orc knight's attack.
The orc knight hits you but does no damage.
The orc warrior barely misses you. You block the gnoll sergeant's attack.
The troll bites you but does no damage. The troll claws you.
The troll claws you but does no damage. The orc warrior barely misses you.
You closely miss the ogre. You hit the orc warrior. You hit the troll.
You slash the orc knight! You block the ogre's attack.
The orc priest invokes the aid of Beogh against you.
Beogh smites you!
* * * LOW HITPOINT WARNING * * *
The orc knight hits you with a cursed +0 war axe!!
* * * LOW HITPOINT WARNING * * *
You block the troll's attack.
The troll claws you but does no damage. x2
The orc knight hits you from afar with a +0 bardiche!!
You die...

, , , , , * , ,
#..... ** ,*
,..#...... ,, ,
.....^...., ,*
,.............. * .
............## ,,*
..............o#
,,##..........goT# ,
* ...........ooO@# *
, ,.#..........oo## *
......#.....o#.#... ,
.......<>...C.......
,...).........o...##.
* ..$..)..($.......#
* ...#)..)....#.#...#
*......)).......#.##
................##


You could see 2 orc knights, a cyclops, a troll, 2 orc warriors, an ogre, a
gnoll sergeant, an orc priest (strong) and 2 orcs.

Vanquished Creatures
  Harold (D:9)
  2 two-headed ogres (D:11)
  2 ugly things
  Pikel (D:5)
  Joseph (D:8)
  A centaur zombie (D:9)
  A komodo dragon (D:9)
  3 trolls
  A wraith (D:12)
  A water elemental (D:11)
  13 yaks
  6 wargs
  A soldier ant (D:12)
  9 orc warriors
  4 ice beasts
  4 black bears
  6 ogres
  3 phantoms
  A necrophage (D:11)
  3 sky beasts
  4 centaurs
  A lemure (D:5)
  A big kobold (D:8)
  4 bullfrogs
  A wyvern zombie (D:6)
  6 scorpions
  A water moccasin skeleton (D:9)
  3 killer bees (D:10)
  5 wights (D:6)
  5 howler monkeys
  7 electric eels (D:11)
  A bullfrog zombie (D:8)
  4 hounds
  2 quasits
  6 orc priests
  2 bullfrog skeletons
  2 centaur skeletons
  A jelly (D:12)
  15 orc wizards
  Ijyb (D:5)
  3 iguanas
  6 worker ants
  A hound skeleton (D:8)
  9 mummies
  A howler monkey zombie (D:10)
  2 worker ant zombies (D:7)
  5 gnolls
  9 adders
  A shadow imp (D:6)
  4 white imps
  2 ufetubi
  An adder skeleton (D:4)
  4 leopard geckos
  36 orcs
  A giant cockroach (D:4)
  2 gnoll zombies (Ossuary)
  7 goblins
  7 hobgoblins
  17 jackals
  4 quokkas
  3 bats
  3 frilled lizards
  2 hobgoblin zombies
  A jackal skeleton (D:5)
  21 kobolds
  A kobold zombie (Ossuary)
  5 orc zombies
  A quokka skeleton (D:5)
  2 rats (D:2)
297 creatures vanquished.

Vanquished Creatures (others)
  5 plants (D:9)
  4 withered plants (D:4)
9 creatures vanquished.

Grand Total: 306 creatures vanquished

Notes
Turn   | Place    | Note
-------+----------+-------------------------------------------
     0 | D:1      | EnegeticOcto the Deep Dwarf Fighter began the quest for the
                  | Orb.
     0 | D:1      | Reached XP level 1. HP: 20/20 MP: 1/1
   120 | D:1      | Reached XP level 2. HP: 13/27 MP: 2/2
   198 | D:2      | Found a faded altar of an unknown god.
   266 | D:3      | Reached skill level 3 in Axes
   267 | D:3      | Reached XP level 3. HP: 31/33 MP: 2/2
   467 | D:4      | Noticed a scorpion
   477 | D:4      | Killed a scorpion
   478 | D:4      | Reached XP level 4. HP: 34/42 MP: 3/3
   586 | D:4      | Got a translucent bronze ring
   636 | D:4      | Identified the ring "Xedose" {Fire +Blink Str-3 Int+3 SInv}
                  | (You found it on level 4 of the Dungeon)
   795 | D:4      | Reached skill level 4 in Axes
   795 | D:4      | Reached XP level 5. HP: 20/49 MP: 4/4
   841 | D:4      | Found a runed translucent gate.
   841 | D:4      | Found a runed translucent gate.
   841 | D:4      | Found a runed translucent gate.
   843 | D:4      | Noticed raph's ghost (amateur DEFE)
   843 | D:4      | Noticed EnegeticOcto's ghost (amateur MiFi)
   843 | D:4      | Noticed Raspi's ghost (novice PaFi)
   977 | D:4      | Found an ornate altar of the Wu Jian Council.
  1238 | D:5      | Entered Level 5 of the Dungeon
  1238 | D:5      | Found Loggoaq's Jewellery Shoppe.
  1240 | D:5      | Noticed an ice beast
  1248 | D:5      | Killed an ice beast
  1249 | D:5      | Noticed a centaur
  1261 | D:5      | Killed a centaur
  1262 | D:5      | Reached XP level 6. HP: 45/57 MP: 4/4
  1297 | D:5      | Reached skill level 5 in Axes
  1355 | D:5      | Found a staircase to the Ecumenical Temple.
  1366 | Temple   | Entered the Ecumenical Temple
  1373 | Temple   | Became a worshipper of Makhleb the Destroyer
  1390 | D:5      | Noticed Pikel
  1406 | D:5      | Killed Pikel
  1407 | D:5      | Reached skill level 6 in Axes
  1407 | D:5      | Reached skill level 5 in Armour
  1407 | D:5      | Reached skill level 5 in Shields
  1407 | D:5      | Reached XP level 7. HP: 42/64 MP: 4/6
  1491 | D:5      | Noticed Ijyb
  1508 | D:5      | Killed Ijyb
  1984 | D:6      | Reached XP level 8. HP: 65/73 MP: 8/8
  2037 | D:6      | Found Boliugh's Jewellery Boutique.
  2126 | D:6      | Reached skill level 7 in Axes
  2142 | D:6      | Reached * piety under Makhleb
  2346 | D:6      | Reached skill level 5 in Fighting
  2530 | D:6      | Reached skill level 8 in Axes
  2587 | D:6      | Gained mutation: You passively map the area around you.
                  | [Deep Dwarf growth]
  2587 | D:6      | Reached XP level 9. HP: 67/81 MP: 10/10
  2620 | D:6      | Reached skill level 5 in Invocations
  3045 | D:7      | Found an opulent altar of Gozag.
  3047 | D:7      | Found a radiant altar of Vehumet.
  3050 | D:7      | Found an ancient bone altar of Kikubaaqudgha.
  3691 | D:8      | Reached ** piety under Makhleb
  3704 | D:8      | Found a flagged portal.
  3720 | Bailey   | Entered a bailey
  3797 | Bailey   | Reached skill level 9 in Axes
  3974 | D:8      | Reached *** piety under Makhleb
  4019 | D:8      | Found a sand-covered staircase.
  4027 | Ossuary  | Entered an ossuary
  4379 | D:8      | Noticed Joseph
  4411 | D:8      | Killed Joseph
  4412 | D:8      | Reached XP level 10. HP: 67/91 MP: 10/12
  4765 | D:9      | Reached **** piety under Makhleb
  4915 | D:9      | Reached skill level 10 in Axes
  4953 | D:9      | Found a staircase to the Orcish Mines.
  5139 | D:9      | Found a staircase to the Lair.
  5173 | D:9      | Noticed Harold
  5224 | D:9      | Killed Harold
  5567 | D:10     | Entered Level 10 of the Dungeon
  5567 | D:10     | Found a hazy altar of Hepliaklqana.
  5596 | D:10     | Reached skill level 11 in Axes
  5628 | D:10     | Found a transporter.
  5629 | D:10     | Noticed Eliym's ghost (novice HOFi)
  5668 | D:10     | Reached XP level 11. HP: 92/99 MP: 14/14
  5671 | D:10     | Found a transporter.
  5974 | D:10     | Reached ***** piety under Makhleb
  6120 | D:11     | Noticed a red ugly thing
  6129 | D:11     | Noticed a two-headed ogre
  6139 | D:11     | Killed a red ugly thing
  6151 | D:11     | Killed a two-headed ogre
  6364 | D:11     | Found Ossee's Jewellery Shoppe.
  6582 | D:11     | Noticed a two-headed ogre
  6592 | D:11     | Killed a two-headed ogre
  6593 | D:11     | Reached skill level 12 in Axes
  6931 | D:12     | Noticed a green ugly thing
  6963 | D:12     | Killed a green ugly thing
  7050 | Orc:1    | Entered Level 1 of the Orcish Mines
  7057 | Orc:1    | Noticed an orc knight
  7057 | Orc:1    | Noticed an orc knight
  7088 | Orc:1    | Mangled by an orc knight

Illustrated notes

Levels and vault maps discovered:
D:1:      roderic_chinese_lattice_arrival, layout_basic, serial_bayou_crossing
D:2:      layout_basic, chequers_ecumenical_altar_simple,
          makhleb_altar_promises_db
D:3:      layout_loops_ring, minmay_misc_feat_encased
D:4:      layout_basic, nzn_wu_jian_council_hall, gammafunk_ghost_cemetery
D:5:      layout_loops_ring, minmay_temple_entry_mist, serial_shops, shop,
          uniq_pikel, uniq_ijyb
D:6:      layout_loops_ring, serial_shops, shop
D:7:      layout_basic, grunt_temple_overflow_open
D:8:      layout_rooms, nicolae_ossuary_entry_giza, enter_bailey_4, uniq_joseph
D:9:      layout_stronghold, david_lair_shrubbed, minmay_orc_entry_guard_dogs,
          uniq_harold
D:10:     layout_rooms, gammafunk_ghost_hive, basic_altar
D:11:     layout_basic, serial_shops, nicolae_shop_statue_plus
D:12:     layout_cave_pools, basic_altar, fedhas_altar_4
Temple:   compressed_dpeg_circular_temple
Orc:1:    layout_caves, sword_in_stone

Skill      XL: |  1  2  3  4  5  6  7  8  9 10 11 |
---------------+----------------------------------+-----
Axes           | 3 4 6 8 9 11 12 | 12.3
Fighting       | 3 4 5 6 7 |  7.7
Armour         | 4 5 6 7 8 9 |  9.4
Shields        | 4 5 6 7 8 9 |  9.3
Invocations    | 2 3 4 6 8 9 |  9.6

Action                   |  1- 3 |  4- 6 |  7- 9 | 10-12 || total
-------------------------+-------+-------+-------+-------++-------
Melee: War axe           |    73 |    92 |   386 |       ||   551
       Broad axe         |       |       |   123 |   578 ||   701
 Abil: Heal Wounds       |     1 |     1 |    10 |     6 ||    18
Evoke: Wand              |       |       |       |    11 ||    11
       Tin of tremorston |       |       |       |     2 ||     2
  Use: Scroll            |       |       |    18 |     6 ||    24
       Potion            |       |       |     1 |     2 ||     3
Armor: Scale mail        |    45 |       |       |       ||    45
       Chain mail        |       |    53 |    58 |       ||   111
       Plate armour      |       |       |   241 |   497 ||   738
Dodge: Dodged            |    31 |    22 |    88 |   158 ||   299
Block: Kite shield       |    57 |    59 |   315 |   413 ||   844
